 Dungeon Crawl Stone Soup version 0.31-a0-1265-gaa4636e842 (webtiles) character file.

Game seed: 836122310602180959

732 senseless the Shooter (level 7, -14/54 HPs)
             Began as a Human Wanderer on Dec 16, 2023.
             Demolished by an ogre
             ... wielding a +0 giant spiked club
              (18 damage)
             ... on level 4 of the Dungeon.
             The game lasted 00:10:45 (3511 turns).

senseless the Shooter (Human Wanderer)              Turns: 3511, Time: 00:10:46

Health: -14/54     AC: 13    Str: 16    XL:     7   Next: 73%
Magic:  7/7        EV:  7    Int: 11    God:
Gold:   226        SH:  0    Dex: 18    Spells: 6/6 levels left

rFire   . . .        a - +2 sling
rCold   . . .        o - orb {light}
rNeg    . . .        F - +0 chain mail
rPois   .            D - +2 hat
rElec   .            (no cloak)
rCorr   .            k - +0 pair of gloves
SInv    .            t - +0 pair of boots
Will    .....        (no amulet) Stlth
                     J - +6 ring of strength
HPRegen 0.29/turn    (no ring)
MPRegen 0.10/turn

%: no passive effects
@: glowing
A: explore regen
a: no special abilities


You were on level 4 of the Dungeon.
You visited 1 branch of the dungeon, and saw 4 of its levels.
You also visited: Sewer.

You collected 226 gold pieces.

Inventory:

Hand Weapons
 a - a +2 sling (weapon)
 b - a +0 quarterstaff
 h - a +0 dagger of venom
 q - a +4 dagger
 s - a +2 short sword of venom
Missiles
 r - 11 poisoned darts
 y - a curare-tipped dart
 H - a throwing net
Armour
 e - a +0 robe
 g - a +0 ring mail
 j - a +0 tower shield
 k - a +0 pair of gloves (worn)
 m - a +1 hat
 o - an orb of light (worn)
 t - a +0 pair of boots (worn)
 D - a +2 hat (worn)
 F - a +0 chain mail (worn)
Jewellery
 J - a +6 ring of strength (left hand)
Wands
 c - a wand of flame (7)
Scrolls
 d - 2 scrolls of teleportation
 i - a scroll of torment {unknown}
 l - a scroll of poison {unknown}
 n - 2 scrolls of identify {unknown}
 v - a scroll of amnesia {unknown}
 x - a scroll of fog {unknown}
 E - a scroll of acquirement {unknown}
 G - a scroll of immolation {unknown}
 I - a scroll of blinking {unknown}
Potions
 f - 2 potions of lignification {unknown}
 p - a potion of attraction {unknown}
 u - a potion of haste {unknown}
 w - a potion of invisibility {unknown}
 z - 2 potions of might {unknown}
 A - a potion of heal wounds {unknown}
 B - a potion of mutation {unknown}
 C - a potion of magic {unknown}
 K - a potion of experience {unknown}


   Skills:
 + Level 4.0 Fighting
 - Level 1.6 Staves
 + Level 4.3 Ranged Weapons
 - Level 1.4 Throwing
 + Level 4.3 Armour
 - Level 1.5 Stealth
 + Level 4.2 Evocations


You had 6 spell levels left.
You didn't know any spells.
Your spell library contained the following spells:

 Spells                   Type           Power      Damage    Failure   Level
 Static Discharge         Conj/Air       0%         3-3/arc   99%         2
 Airstrike                Air            0%         2d(0-16)  100%        4
 Summon Lightning Spire   Summ/Air       0%         N/A       100%        4


Dungeon Overview and Level Annotations

Branches:
Dungeon (4/15)              Sewer (visited)
 Temple: D:4-7

Altars:
Gozag


Innate Abilities, Weirdness & Mutations

You regain HP and MP as you explore.


Message History

The hound is severely wounded.
The hound barely misses you.
The hound bites you but does no damage. x2
You shoot a sling bullet. The sling bullet hits the hound.
You kill the hound!
No target in view!
You see here a hound corpse.
You now have 226 gold pieces (gained 8).
K - a fizzy golden potion An ogre comes into view.
It is wielding a +0 giant spiked club.
The ogre shouts!
You hear a shout!
You shoot a sling bullet. The sling bullet hits the ogre!
The ogre is moderately wounded.
The ogre hits you with a +0 giant spiked club!
You shoot a sling bullet. The sling bullet hits the ogre.
The ogre is heavily wounded.
The ogre hits you with a +0 giant spiked club!
You shoot a sling bullet.
The sling bullet completely misses the ogre.
A kobold comes into view. It is wielding a +0 short sword.
The ogre hits you with a +0 giant spiked club!
* * * LOW HITPOINT WARNING * * *
You are too injured to fight recklessly!
You shoot a sling bullet. The sling bullet hits the ogre.
The ogre is heavily wounded.
The ogre barely misses you.
You shoot a sling bullet. The sling bullet hits the ogre.
The ogre is severely wounded.
The ogre barely misses you.
You shoot a sling bullet. The sling bullet hits the ogre.
The ogre is severely wounded.
The ogre hits you with a +0 giant spiked club!
* * * LOW HITPOINT WARNING * * *
You shoot a sling bullet. The sling bullet hits the ogre.
The ogre is severely wounded.
The ogre hits you with a +0 giant spiked club.
* * * LOW HITPOINT WARNING * * *
You shoot a sling bullet. The sling bullet hits the ogre.
The ogre is almost dead.
The ogre hits you with a +0 giant spiked club!!
You die...

#.# #.#..#
#.# #.#..##
#.# #.#....
#.#
##.#.###
#.# ##..#.#
#.# #.....#
#.# ##.†###
#.# #..##
#@# ##...##
#O#
##.....##
#K.
#.......##
###.
#.........
.#
#.......##
#
##.....#.#
.......###.
###..##.#.#
#..###.##


You could see an ogre and a kobold.

Vanquished Creatures
  A phantom (D:4)
  A kobold brigand (Sewer)
  2 necrophages (Sewer)
  2 hounds
  A gnoll bouda (D:4)
  2 jellies
  11 gnolls
  5 adders
  2 shadow imps (Sewer)
  An ufetubus (Sewer)
  An adder zombie (Sewer)
  4 worms (D:3)
  3 dart slugs (D:2)
  11 bats
  17 endoplasms
  4 giant cockroaches
  6 goblins
  12 hobgoblins
  7 jackals
  6 quokkas
  6 ball pythons
  3 frilled lizards
  25 kobolds
  A kobold zombie (Sewer)
  5 rats
139 creatures vanquished.

Notes
Turn   | Place    | Note
-------+----------+-------------------------------------------
     0 | D:1      | senseless the Human Wanderer began the quest for the Orb.
     0 | D:1      | senseless set off with the following items: a +2 sling, a
                  | +0 quarterstaff, a wand of flame (7), a scroll of
                  | teleportation, a +0 robe.
     0 | D:1      | Reached XP level 1. HP: 15/15 MP: 1/1
   101 | D:1      | Reached XP level 2. HP: 21/21 MP: 2/2
   504 | D:1      | Reached XP level 3. HP: 26/26 MP: 3/3
   796 | D:2      | Reached XP level 4. HP: 30/33 MP: 4/4
  1187 | D:2      | Reached XP level 5. HP: 4/38 MP: 5/5
  1746 | D:3      | Found a glowing drain.
  1775 | Sewer    | Entered a sewer
  1890 | Sewer    | Found an ancient bone altar of Kikubaaqudgha.
  1907 | Sewer    | Reached XP level 6. HP: 26/46 MP: 6/6
  2616 | D:3      | Found an opulent altar of Gozag.
  2834 | D:3      | Reached XP level 7. HP: 30/52 MP: 7/7
  3107 | D:4      | HP: 2/53 [gnoll/+0 whip[a gnoll bouda] (6)]
  3511 | D:4      | Demolished by an ogre

Illustrated notes

Levels and vault maps discovered:
D:1:      lemuel_arrival_lava_pool, layout_loops_cross, minmay_liquid_box
D:2:      layout_loops_corners, grunt_ministairs_9, minmay_statues_item
D:3:      layout_loops_ring, general_overflow_altar, gup_sewer_entry_spiral
D:4:      layout_loops_ring

Skill      XL: |  1  2  3  4  5  6  7 |
---------------+----------------------+-----
Fighting       | 2 3 4 |  4.0
Ranged Weapons | 3 4 |  4.3
Armour         | 3 4 |  4.3
Evocations     | 3 4 |  4.2
Staves         | |  1.6
Throwing       | |  1.4
Stealth        | |  1.5

Action                     |  1- 3 |  4- 6 |  7- 9 || total
---------------------------+-------+-------+-------++-------
   Fire: Sling             |    92 |   210 |    95 ||   397
    Use: Scroll            |       |     1 |       ||     1
 Armour: Ring mail         |    33 |    97 |    44 ||   174
         Chain mail        |       |       |     9 ||     9
  Dodge: Dodged            |    29 |    55 |    34 ||   118

Table legend: (Time is in decaauts)
 A = Elapsed time spent in this place.
 B = Non-inter-level travel time spent in this place.
 C = Inter-level travel time spent in this place.
 D = Time resting spent in this place.
 E = Time spent auto-exploring this place.
 F = Levels seen in this place.
 G = Mean time per level.
                   A        B        C        D        E       F      G
               +--------+--------+--------+--------+--------+-----+--------+
         Total |   3705 |   3543 |    162 |    218 |   2340 |   5 |  741.0 |
       Dungeon |   3369 |   3207 |    162 |    218 |   2188 |   4 |  842.2 |
         Sewer |    336 |    336 |      0 |      0 |    152 |   1 |  336.0 |
               +--------+--------+--------+--------+--------+-----+--------+

Top non-repeatable levels by time:
     D:3: 1113 daAuts
     D:2: 946 daAuts
     D:1: 671 daAuts
     D:4: 638 daAuts
   Sewer: 336 daAuts
